 Dungeon Crawl Stone Soup version 0.18-a0-1589-g520a787 (webtiles) character file.

45 Arkorax the Ducker (level 3, -1/28 HPs)
             Began as a Spriggan Berserker on Mar 19, 2016.
             Was a Believer of Trog.
             Slain by a rat (3 damage)
             ... on level 2 of the Dungeon.
             The game lasted 00:01:21 (1420 turns).

Arkorax the Ducker (Spriggan Berserker)             Turns: 1420, Time: 00:01:22

Health: -1/28      AC:  2    Str: 19    XL:     3   Next: 42%
Magic:  4/4        EV: 20    Int:  8    God:    Trog [**....]
Gold:   77         SH:  0    Dex: 15    Spells: 0 memorised, 2 levels left

rFire  . . .     SeeInvis +     h - +1 spear (flame)
rCold  . . .     Gourm    .     b - +0 animal skin
rNeg   . . .     Faith    .     (shield currently unavailable)
rPois  .         Spirit   .     (helmet restricted)
rElec  .         Dismiss  .     (no cloak)
rCorr  .         Reflect  .     (gloves unavailable)
SustAt .         Harm     .     (boots unavailable)
MR     .....                    (no amulet)
Stlth  ..........               (no ring)
                                (no ring)

@: berserking (expiring), very quick, not resistant to hostile enchantments,
extremely unstealthy
A: unfitting armour, see invisible, herbivore 3, speed 3, slow metabolism 2
a: Berserk, Trog's Hand, Burn Spellbooks, Renounce Religion


You were on level 2 of the Dungeon.
You worshipped Trog.
Trog was pleased with you.
You were not hungry.

You visited 1 branch of the dungeon, and saw 2 of its levels.

You collected 77 gold pieces.

Inventory:

Hand Weapons
 h - a +1 spear of flaming (weapon)
Armour
 b - a +0 animal skin (worn)
Scrolls
 a - a scroll of remove curse {unknown}
 d - 2 scrolls of identify {unknown}
 f - a scroll of teleportation {unknown}
 j - a scroll of recharging {unknown}
 k - a scroll of immolation {unknown}
 l - a scroll of blinking {unknown}
 m - 3 scrolls of enchant armour {unknown}
 n - a scroll of fog {unknown}
Potions
 e - a potion of heal wounds {unknown}
 g - 2 potions of curing {unknown}
Comestibles
 c - a bread ration
 i - 3 fruits


   Skills:
 + Level 2.7 Fighting
   Level 3.7 Short Blades
 * Level 0.8 Polearms
 + Level 5.2 Dodging


You had 2 spell levels left.
You didn't know any spells.

Dungeon Overview and Level Annotations

Branches:
Dungeon (2/15)

Altars:
Makhleb
Nemelex Xobeh
Trog
Xom


Innate Abilities, Weirdness & Mutations

You are tiny and cannot use many weapons and most armour.
You have supernaturally acute eyesight.
You are a herbivore.
You cover ground extremely quickly.
You need consume almost no food.


Message History

* * * LOW HITPOINT WARNING * * *
The rat closely misses you.
Unknown command.
You are too injured to fight recklessly!
You are too injured to fight recklessly!
Unknown command.
You are too injured to fight recklessly!
Unknown command.
You are too injured to fight recklessly!
You are too injured to fight recklessly!
You hit the worm. You burn the worm.
The worm is severely wounded.
The rat completely misses you. The rat closely misses you.
The rat completely misses you. The worm closely misses you.
You barely miss the worm.
The worm is severely wounded.
The rat bites you.
* * * LOW HITPOINT WARNING * * *
The rat bites you.
You die...

#...# #...# ###...#
#### ......####
###)..### .........#
##..)...)## ###......#
#)..._....# ####...#
##.........## ###.###
#.wrr###....# #.....#
#..@##y##...#
#.....####....###....#
#........#...........#
#.....##.##.........##
#.....##..##.......##
#########..####.####
##...##.# ###....#
######


You could see a moth of wrath, a worm (berserk) and 2 rats.

Vanquished Creatures
  An ooze (D:2)
  A worm (D:2)
  A dart slug (D:1)
  3 giant geckos
  4 giant cockroaches
  4 goblins
  3 hobgoblins
  3 bats (D:1)
  3 giant newts (D:1)
  4 kobolds
  5 rats (D:2)
32 creatures vanquished.

Notes
Turn   | Place    | Note
--------------------------------------------------------------
     0 | D:1      | Arkorax the Spriggan Berserker began the quest for the Orb.
     0 | D:1      | Reached XP level 1. HP: 11/11 MP: 2/2
   306 | D:1      | Reached XP level 2. HP: 11/16 MP: 3/3
   330 | D:1      | Found a sparkling altar of Nemelex Xobeh.
   918 | D:2      | Reached XP level 3. HP: 19/19 MP: 4/4
  1047 | D:2      | Reached skill level 5 in Dodging
  1156 | D:2      | Found a shimmering altar of Xom.
  1157 | D:2      | Found a burning altar of Makhleb.
  1159 | D:2      | Reached ** piety under Trog
  1401 | D:2      | Noticed a moth of wrath
  1404 | D:2      | Found a bloodstained altar of Trog.
  1420 | D:2      | Slain by a rat

Vault maps used:
D:1:      saegor_arrival_under_anarchy, hangedman_abyss_or_decor_stabs,
          nemelex_deck
D:2:      gammafunk_temple_overflow_statue, tgw_trog, first_bread, hex_tiny

Skill      XL: |  1  2  3 |
---------------+----------+-----
Dodging        | 5 |  5.2
Fighting       | |  2.7
Short Blades   | |  3.7
Polearms       | |  0.8

Action                   || total
-------------------------++-------
Melee: Short sword       ||    41
       Spear             ||    70
Invok: Berserk           ||     1
 Stab: Sleeping          ||     7
